 Dungeon Crawl Stone Soup version 0.31-a0-1178-gc5c9b8f871 (webtiles) character file.

Game seed: 12197693244292814054

2 bmb222 the Sneak (level 1, -9/18 HPs)
             Began as a Demonspawn Delver on Dec 11, 2023.
             Mangled by an ogre
             ... wielding a +0 giant club
              (17 damage)
             ... on level 4 of the Dungeon.
             The game lasted 00:00:45 (384 turns).

bmb222 the Sneak (Demonspawn Delver)                 Turns: 384, Time: 00:00:46

Health: -9/18      AC:  3    Str: 12    XL:     1   Next: 25%
Magic:  1/1        EV: 11    Int: 10    God:
Gold:   0          SH:  0    Dex: 14    Spells: 0/0 levels left

rFire   . . .        a - +0 mace
rCold   . . .        (no shield)
rNeg    . . .        b - +0 leather armour
rPois   .            (no helmet)
rElec   .            (no cloak)
rCorr   .            (no gloves)
SInv    .            (no boots)
Will    .....        (no amulet)
Stlth   +++          (no ring)
HPRegen 0.23/turn    (no ring)
MPRegen 0.07/turn

%: no passive effects
@: no status effects
A: no striking features
a: no special abilities


You were on level 4 of the Dungeon.
You visited 1 branch of the dungeon, and saw 2 of its levels.

Inventory:

Hand Weapons
 a - a +0 mace (weapon)
Missiles
 h - 4 atropa-tipped darts (quivered)
 i - 6 poisoned darts
Armour
 b - a +0 leather armour (worn)
Wands
 g - a wand of digging (3)
Scrolls
 c - a scroll of fog
 d - a scroll of revelation
 e - a scroll of fear
Potions
 f - a potion of haste


   Skills:
 + Level 3.0 Fighting
 + Level 1.7 Maces & Flails
 + Level 1.7 Dodging
 + Level 4.6 Stealth


You couldn't memorise any spells.
You didn't know any spells.
Your spell library was empty.

Dungeon Overview and Level Annotations

Branches:
Dungeon (5/15)
 Temple: D:4-7

Altars:


Message History

You hit the orc.
You kill the orc!
You see here a +0 whip.
You see here a +0 whip.
You start resting.
HP restored.
Found 4 stones and 6 poisoned darts.
You see here 4 stones.
You see here 6 poisoned darts.
i - 6 poisoned darts An adder comes into view.
Found a stone staircase leading up.
There is a stone staircase leading up here.
A hound comes into view.
The hound moves out of view.
A hound is nearby!
The hound barks!
There is a stone staircase leading up here.
You climb upwards.
The ogre shouts!
Found 20 gold pieces and a book of Touch.
There is a stone staircase leading down here.
Throw: 6 darts (atropa)
Press: ? - help, Q - select action, (/) - cycle Shift-Dir - straight line, f - ogre
Aim: an ogre, wielding a +0 giant club (72% to hit, chance to blind on hit: 58%)
You throw an atropa-tipped dart. The atropa-tipped dart hits the ogre.
The ogre appears confused.
The ogre seems less confused.
You sock the ogre!
The ogre is moderately wounded.
The ogre hits you with a +0 giant club!
Ouch! That really hurt!
Throw: 5 darts (atropa)
Press: ? - help, Q - select action, (/) - cycle Shift-Dir - straight line, f/p - ogre
Aim: an ogre, wielding a +0 giant club (moderately wounded, blind, 72% to hit, chance to blind on hit: 51%)
You throw an atropa-tipped dart.
The atropa-tipped dart barely misses the ogre.
The ogre is no longer blind.
The ogre hits you with a +0 giant club!
Ouch! That really hurt!
You die...

#. #. #.
#. #. #.
######.##
(:$..(O>#
#...##.@#
# #..#
#..# #..#
#$.# ....
##.# ...


You could see an ogre.

Vanquished Creatures
  An orc (D:5)
1 creature vanquished.

Notes
Turn   | Place    | Note
-------+----------+-------------------------------------------
     0 | D:5      | bmb222 the Demonspawn Delver began the quest for the Orb.
     0 | D:5      | Reached XP level 1. HP: 18/18 MP: 1/1
   365 | D:5      | Noticed a hound
   379 | D:5      | Noticed a black bear
   380 | D:4      | Noticed an ogre
   384 | D:4      | Mangled by an ogre

Illustrated notes

Levels and vault maps discovered:
D:4:      layout_basic, eat_drink_and_be_merry_uskayaw,
          eino_small_chamber_without_monster
D:5:      layout_rooms, minmay_temple_entry_glassed_door

Action                     || total
---------------------------++-------
  Melee: Mace              ||     9
  Throw: Dart              ||     2
 Armour: Leather armour    ||     7
  Dodge: Dodged            ||     5

Table legend: (Time is in decaauts)
 A = Elapsed time spent in this place.
 B = Non-inter-level travel time spent in this place.
 C = Inter-level travel time spent in this place.
 D = Time resting spent in this place.
 E = Time spent auto-exploring this place.
 F = Levels seen in this place.
 G = Mean time per level.
                   A        B        C        D        E       F      G
               +--------+--------+--------+--------+--------+-----+--------+
         Total |    386 |    386 |      0 |    238 |     33 |   2 |  193.0 |
       Dungeon |    386 |    386 |      0 |    238 |     33 |   2 |  193.0 |
               +--------+--------+--------+--------+--------+-----+--------+

Top non-repeatable levels by time:
     D:5: 382 daAuts
     D:4: 4 daAuts
